 Dungeon Crawl Stone Soup version 0.27.0-1-g7a089689b8 (webtiles) character file.

Game seed: 12452472493491268068

10 belegose the Grave Robber (level 2, -2/22 HPs)
             Began as a Ghoul Necromancer on Aug 5, 2021.
             Slain by a gnoll (6 damage)
             ... on level 1 of the Dungeon.
             The game lasted 00:03:35 (1675 turns).

belegose the Grave Robber (Ghoul Necromancer)       Turns: 1675, Time: 00:03:35

Health: -2/22      AC:  2    Str: 11    XL:     2   Next: 20%
Magic:  3/3        EV: 12    Int: 10    God:
Gold:   30         SH:  0    Dex:  9    Spells: 3/4 levels left

rFire    . . .     SeeInvis .   d - staff of air
rCold    + . .     Faith    .   (no shield)
rNeg     + + +     Spirit   .   a - +0 robe
rPois    ∞         Reflect  .   (no helmet)
rElec    +         Harm     .   (no cloak)
rCorr    .         Rampage  .   (no gloves)
Will     .....                  (no boots)
Stlth    ++........             (no amulet)
HPRegen  0.00/turn              (no ring)
MPRegen  0.08/turn              (no ring)

@: inhibited regen
A: claws 1, cold resistance 1, negative energy resistance 3, inhibited
regeneration, torment resistance 2
a: no special abilities


You were on level 1 of the Dungeon.
You visited 1 branch of the dungeon, and saw 2 of its levels.

You collected 30 gold pieces.

Inventory:

Armour
 a - a +0 robe (worn)
Magical Staves
 d - a staff of air (weapon)
Scrolls
 c - a scroll of brand weapon {unknown}
 e - a scroll of summoning {unknown}
 f - 2 scrolls of identify {unknown}
Potions
 b - a potion of heal wounds {unknown}
 g - a potion of curing {unknown}
 h - a potion of flight {unknown}


   Skills:
 + Level 0.8 Fighting
 + Level 0.1 Staves
 + Level 0.4 Armour
 - Level 1.7 Dodging
 + Level 2.4 Stealth
 - Level 1.7 Spellcasting
 + Level 4.1 Necromancy
 + Level 0.1 Evocations


You had 3 spell levels left.
You knew the following spells:

 Your Spells              Type           Power      Damage    Failure   Level
a - Pain                  Necr           36%        1d5       6%          1

Your spell library contained the following spells:

 Spells                   Type           Power      Damage    Failure   Level
 Animate Skeleton         Necr           18%        N/A       6%          1
 Vampiric Draining        Necr           4%         2d6       19%         3
 Animate Dead             Necr           4%         N/A       52%         4
 Agony                    Necr           9%         N/A       86%         5


Dungeon Overview and Level Annotations

Branches:
Dungeon (2/15)

Altars:

Shops:
D:1 *

Annotations:
D:2 Natasha


Innate Abilities, Weirdness & Mutations

You thrive by killing the living.
You are immune to poison.
You have sharp fingernails.
Your flesh is cold resistant. (rC+)
You are immune to negative energy. (rN+++)
You do not regenerate when monsters are visible.
You are immune to unholy pain and torment.


Message History

Press: ? - help, Shift-Dir - straight line, f/p - kobold
Aim: a kobold, wielding a +0 short sword (severely wounded, chance to affect: 76%)
The kobold writhes in agony.
You kill the kobold!
A dart slug comes into view.
Natasha, Servant of Life and Death comes into view.
You climb upwards.
There is a stone staircase leading down here.
Unknown command.
There is an open door here.
Magic restored.
You open the door.
There is an open door here.
There is a stone staircase leading down here.
Unknown command.
You climb downwards.
Level annotation: Natasha A bat, a worm and 3 gnolls come into view.
A gnoll is wielding a +2 halberd of venom.
The gnoll shouts! x2
The bat hits you but does no damage. The gnoll hits you with a +0 club.
The gnoll hits you from afar with a +2 halberd of venom!
Found 31 stones.
There is a stone staircase leading up here.
The bat barely misses you. The gnoll barely misses you.
The gnoll hits you from afar with a +2 halberd of venom!
* * * LOW HITPOINT WARNING * * *
You climb upwards.
There is a stone staircase leading down here.
The gnoll misses you.
There is an open door here.
There is an open door here.
The gnoll closely misses you. The gnoll barely misses you.
There is an open door here.
There is an open door here.
There is an open door here.
There is an open door here.
The gnoll hits you with a +0 club.
You die...

######### #.......#
#.#####.# #.# ###.#######
### ##### #.# #.........#
##.########...# #.#
#.#.#####.###...........#.#
#.###.#.#
#g##......#####...#
#.......# #.@.......#
####.## ##......#
######....# #.....#
#.##.#.# #.#### #.##..#
#.##.#.# #.# #.##...
#.##...# ##+## #.###.#
#.###..# ##...## #......
#......## ##.....## ###.##.
#####.#.## ##.......##
#..#.
#....####.........####....


You could see a gnoll.

Vanquished Creatures
  2 endoplasms (D:1)
  A goblin (D:1)
  A hobgoblin (D:1)
  A quokka (D:1)
  A bat (D:1)
  2 kobolds
  A rat (D:1)
9 creatures vanquished.

Notes
Turn   | Place    | Note
-------+----------+-------------------------------------------
     0 | D:1      | belegose the Ghoul Necromancer began the quest for the Orb.
     0 | D:1      | Reached XP level 1. HP: 14/14 MP: 2/2
   647 | D:1      | Reached XP level 2. HP: 2/22 MP: 0/3
  1018 | D:1      | Found Qeisooh's Assorted Antiques.
  1468 | D:2      | Noticed Natasha
  1675 | D:1      | Slain by a gnoll

Illustrated notes

Levels and vault maps discovered:
D:1:      saegor_arrival_simple_d, layout_loops_corners, serial_shops,
          nicolae_square_shop
D:2:      layout_basic, shapermc_ecumenical_altar_acropolis, st_stairs_6,
          uniq_natasha

Action                   || total
-------------------------++-------
Melee: Unarmed           ||    13
       Staff             ||     9
 Cast: Pain              ||     7
 Stab: Sleeping          ||     2
Armor: Robe              ||     2
Dodge: Dodged            ||    21
